AoeStats
← | ArCas | Toruk Makto

Lombardia

509239781Analyzed
4v4 RM · 5d ago on Sep 26, 2026· 7m 39s· 8 players
Game mode
Random Map
Map size
Large (8 player)
Population
200
Speed
Normal
Resources
Standard
Victory
Conquest
Starting age
Dark Age
Ending age
Imperial Age
RankedLock teamsTeams togetherTeam positionsShared explorationLock speedFull tech treeHidden civsTurbo modeCheats
Victory
Defeat
🇦🇷 Persians · Argentina
1300
+13
🇨🇳 Maya · China
1293
+14
🇦🇷 Franks · Argentina
1276
+14
🇦🇷 Huns · Argentina
1229
+16
🇲🇽 Turks · Mexico
1267
-15
🇬🇧 Teutons · United Kingdom
1237
-14
🇺🇸 Danes · United States
1236
-14
🇹🇼 Hindustanis · Taiwan
1228
-14
Eschaton
SanjiJose
5:11 Loom
馬上贏
erdibirdy
| ArCas | Toruk Makto
6:39 Loom
9:01 Feudal Age
iiiiice
0:32 Loom
Patt
1:45 Loom
ManCoVsky
6:32 Loom
6:44 Loom
9:14 Feudal Age
Connection lost

Rejoining the realm…

Still unreachable

The connection could not be restored.

Session expired

The server has moved on; the page needs a fresh start.